 Dungeon Crawl Stone Soup version 0.27-a0-824-gca8104f8d5 (webtiles) character file.

Game seed: 15924110929764653185

9909 Johnny the Spear-Bearer (level 11, -4/99 HPs)
             Began as a Demigod Gladiator on Mar 30, 2021.
             Succumbed to a redback's poison
             ... in a Gauntlet.
             The game lasted 00:16:11 (15972 turns).

Johnny the Spear-Bearer (Demigod Gladiator)        Turns: 15972, Time: 00:16:12

Health: -4/99      AC: 12    Str: 27    XL:     11   Next: 8%
Magic:  1/14       EV:  6    Int:  8    God:
Gold:   117        SH:  0    Dex: 15    Spells: 10/10 levels left

rFire    + . .     SeeInvis +   b - +1 spear (freeze)
rCold    + . .     Faith    .   (no shield)
rNeg     + . .     Spirit   +   G - +0 pearl dragon scales
rPois    +         Reflect  .   C - +1 helmet {SInv}
rElec    +         Harm     .   (no cloak)
rCorr    +         Rampage  .   (no gloves)
Will     ++...     Clarity  +   (no boots) Stlth ..........NoTele +
                                v - amulet of guardian spirit
HPRegen  0.26/turn              F - ring of willpower
MPRegen  0.14/turn              t - ring of poison resistance

@: mighty, lethally poisoned (-4 -> -48), resistant, very slightly contaminated,
held
A: high mp 1, forlorn, clarity, dopey 1, sense surroundings 1
a: no special abilities


You were in a Gauntlet.
You visited 1 branch of the dungeon, and saw 11 of its levels.
You also visited: Sewer, Ossuary and Gauntlet.

You collected 531 gold pieces.
You spent 414 gold pieces at shops.

Inventory:

Hand Weapons
 b - a +1 spear of freezing (weapon)
 H - a +3 trident
Armour
 c - a scarf of harm
 C - a +1 helmet of see invisible (worn)
 G - +0 pearl dragon scales (worn)
Jewellery
 a - a ring of protection from cold
 l - a ring of fire
 t - a ring of poison resistance (right hand)
 v - an amulet of guardian spirit (around neck)
 F - a ring of willpower (left hand)
 K - a ring of ice
Wands
 m - a wand of flame (2)
 y - a wand of polymorph (3)
Scrolls
 d - 3 scrolls of enchant weapon
 e - a scroll of magic mapping
 i - 5 scrolls of teleportation
 j - 2 scrolls of amnesia
 k - 2 scrolls of torment
 n - a scroll of enchant armour {unknown}
 p - 2 scrolls of noise
 s - 4 scrolls of immolation
 u - a scroll of silence
 E - 4 scrolls of fog {unknown}
 I - a scroll of vulnerability
Potions
 f - 6 potions of attraction
 o - a potion of degeneration
 q - a potion of ambrosia
 r - 3 potions of brilliance {unknown}
 w - a potion of berserk rage {unknown}
 z - a potion of might
 A - 3 potions of curing
 D - a potion of mutation
 J - a potion of resistance


   Skills:
 + Level 9.6 Fighting
 * Level 13.2 Polearms
 - Level 1.7 Throwing
 - Level 2.6 Dodging


You had 10 spell levels left.
You didn't know any spells.
Your spell library contained the following spells:

 Spells                   Type           Power      Damage    Failure   Level
 Animate Skeleton         Necr           0%         N/A       77%         1
 Apportation              Tloc           0%         N/A       77%         1
 Corona                   Hex            0%         N/A       77%         1
 Foxfire                  Conj/Fire      0%         2x1d4     77%         1
 Summon Small Mammal      Summ           0%         N/A       77%         1
 Conjure Flame            Conj/Fire      0%         6-21      98%         3
 Inner Flame              Hex/Fire       0%         N/A       98%         3
 Sticky Flame             Conj/Fire      0%         2d3       100%        4
 Fireball                 Conj/Fire      0%         3d3       100%        5
 Irradiate                Conj/Tmut      0%         3d14      100%        5
 Blade Hands              Tmut           0%         N/A       100%        6
 Statue Form              Tmut/Erth      0%         N/A       100%        6
 Dragon Form              Tmut           0%         N/A       100%        7


Dungeon Overview and Level Annotations

Branches:
Dungeon (11/15)            Temple (0/1) D:5            Lair (0/6) D:9
    Orc (0/2) D:9           Sewer (visited)         Ossuary (visited)
Gauntlet (1/1)

Shops:
D:1 =   D:4 [   D:8 [   D:10 (

Annotations:
D:4 2 runed translucent doors, Zing's ghost, amateur GnWn Gauntlet 7 transporters, 2 runed translucent doors


Innate Abilities, Weirdness & Mutations

Your attributes grow dramatically as you level up.
You have an increased reservoir of magic. (+10% MP)
You shall have no god before yourself.
You possess an exceptional clarity of mind.
You are dopey. (Int -2)
You passively map a small area around you.


Message History

The wolf spider bites you but does no damage.
The moth of wrath bites you but does no damage.
The redback bites you but does no damage.
The wolf spider hits you.
* * * LOW HITPOINT WARNING * * *
The wolf spider barely misses you.
You feel much better.
The redback bites you but does no damage.
The wolf spider hits you.
* * * LOW HITPOINT WARNING * * *
The wolf spider bites you but does no damage.
The moth of wrath goads the redback on!
The redback goes berserk!
You feel much better.
The redback bites you but does no damage.
The wolf spider hits you but does no damage.
The wolf spider bites you but does no damage.
The redback bites you!
* * * LOW HITPOINT WARNING * * *
You are lethally poisoned!
The redback poisons you! The moth of wrath bites you!!
* * * LOW HITPOINT WARNING * * *
The wolf spider hits you but does no damage.
The wolf spider bites you but does no damage.
The redback closely misses you.
You feel much better.
* * * LOW HITPOINT WARNING * * *
You feel extremely sick. The redback barely misses you.
The moth of wrath bites you!
* * * LOW HITPOINT WARNING * * *
The wolf spider hits you.
* * * LOW HITPOINT WARNING * * *
The wolf spider bites you.
* * * LOW HITPOINT WARNING * * *
The redback closely misses you. The moth of wrath closely misses you.
Blink to where?
Press: ? - help, Dir - move target, p - wolf spider Really blink into that net trap?
You become entangled in the net!
As you read the scroll of blinking, it crumbles to dust.
You die...

##≈.#..†##..#.8.#.8.##
##.###...###...#.©.#
##≈.####©####...#.8.#
#≈≈.#########.8.#.©.#
##≈....#©..8#.⌠.#.8.#
##..8.#...©#.8.#...#
##≈....#©..8#...#...#
#≈≈.#########...#≈≈≈#
##≈.#@......#..###≈##
##.#.#####.#.## ##
##≈.#†yss.+.#.≈##
#≈≈.#s#§©.#.#.≈≈#
##≈.#.#≈≈≈#.#.≈##
##.#.#####.#.##
##≈.#...©!|^#.≈##
#≈≈.#########.≈≈#
##≈....#©..8#.≈##


You could see a wolf spider, a moth of wrath and a redback (berserk).

Vanquished Creatures
  2 two-headed ogres
  A moth of wrath (Gauntlet)
  A gargoyle (D:10)
  A kobold demonologist (D:8)
  3 flying skulls (Gauntlet)
  2 redbacks (Gauntlet)
  9 yaks
  A wyvern (D:8)
  A basilisk (D:8)
  A steam dragon (D:8)
  3 water moccasins
  A black bear (D:6)
  3 orc warriors
  A sky beast (D:6)
  2 necrophages
  5 wolves (Gauntlet)
  4 centaurs
  15 kobold brigands
  Blork the orc (D:6)
  2 bullfrogs
  5 scorpions
  A water moccasin skeleton (D:5)
  12 killer bees
  7 wights (D:8)
  A howler monkey (D:8)
  A bullfrog zombie (D:7)
  4 centaur zombies
  2 jellies
  A gnoll shaman (D:5)
  5 orc priests
  A bullfrog skeleton (D:5)
  5 scorpion zombies (Ossuary)
  9 orc wizards
  5 iguanas
  A killer bee zombie (D:5)
  3 mummies (Ossuary)
  A howler monkey zombie (D:9)
  3 gnolls (D:5)
  3 river rats (D:4)
  8 adders
  A shadow imp (D:8)
  A white imp (D:8)
  An adder skeleton (D:4)
  4 dart slugs
  29 orcs
  10 ball pythons
  8 endoplasms
  4 giant cockroaches
  2 gnoll zombies (Ossuary)
  5 goblins
  4 hobgoblins
  3 quokkas
  6 bats
  A frilled lizard (D:1)
  A goblin zombie (Ossuary)
  4 hobgoblin zombies (Ossuary)
  A jackal zombie (D:2)
  29 kobolds
  A kobold zombie (Ossuary)
  An orc zombie (Ossuary)
  6 rats
259 creatures vanquished.

Vanquished Creatures (others)
  A scorpion (Ossuary)
  A fungus (D:9)
  12 plants
  3 withered plants (Gauntlet)
17 creatures vanquished.

Grand Total: 276 creatures vanquished

Notes
Turn   | Place    | Note
-------+----------+-------------------------------------------
     0 | D:1      | Johnny the Demigod Gladiator began the quest for the Orb.
     0 | D:1      | Reached XP level 1. HP: 17/17 MP: 3/3
   243 | D:1      | You fall into a shaft and drop 1 floor!
   260 | D:2      | Reached skill level 3 in Polearms
   260 | D:2      | Reached XP level 2. HP: 17/24 MP: 4/4
  1035 | D:1      | Reached XP level 3. HP: 30/30 MP: 5/5
  1046 | D:1      | Found Biutuo's Jewellery Emporium.
  2113 | D:3      | You fall into a shaft and drop 3 floors!
  2113 | D:6      | Found a sand-covered staircase.
  2114 | D:6      | Noticed a two-headed ogre
  2119 | Ossuary  | Entered an ossuary
  2144 | Ossuary  | Noticed a scorpion
  2146 | Ossuary  | Noticed a scorpion
  2155 | Ossuary  | HP: 1/30 [scorpion zombie (3)]
  2397 | Ossuary  | Killed a scorpion
  2398 | Ossuary  | Reached skill level 4 in Polearms
  2398 | Ossuary  | Reached XP level 4. HP: 37/37 MP: 6/6
  2424 | Ossuary  | Reached XP level 5. HP: 37/45 MP: 7/7
  2507 | Ossuary  | Reached skill level 5 in Polearms
  2839 | Ossuary  | Reached XP level 6. HP: 51/52 MP: 8/8
  2961 | Ossuary  | Reached skill level 6 in Polearms
  3604 | D:6      | Noticed Blork the orc
  3618 | D:6      | Killed Blork the orc
  3619 | D:6      | Reached XP level 7. HP: 44/60 MP: 6/9
  3869 | D:5      | Entered Level 5 of the Dungeon
  3886 | D:5      | Reached skill level 7 in Polearms
  4147 | D:4      | Reached skill level 5 in Fighting
  4180 | D:4      | Identified the +1 robe of Jigsaw {rC++}
  4209 | D:4      | Found a runed translucent door.
  4209 | D:4      | Noticed Zing's ghost (amateur GnWn)
  4296 | D:4      | You fall into a shaft and drop 1 floor!
  4609 | D:4      | Found Xiudem's Armour Shop.
  4703 | D:4      | Found a glowing drain.
  4715 | Sewer    | Entered a sewer
  4814 | Sewer    | Reached XP level 8. HP: 65/69 MP: 10/10
  4855 | Sewer    | Reached skill level 8 in Polearms
  5287 | D:4      | Bought a +1 helmet of see invisible for 214 gold pieces
  5325 | D:4      | Found a runed translucent door.
  6560 | D:5      | Found a staircase to the Ecumenical Temple.
  7309 | D:6      | Killed a two-headed ogre
  7310 | D:6      | Reached skill level 9 in Polearms
  7543 | D:7      | Reached XP level 9. HP: 70/78 MP: 9/11
  8833 | D:7      | Reached skill level 10 in Polearms
  9226 | D:8      | Found Baib's Antique Armour Boutique.
 10605 | D:8      | Noticed a kobold demonologist
 10613 | D:8      | Killed a kobold demonologist
 10634 | D:8      | Reached skill level 11 in Polearms
 11201 | D:8      | Reached XP level 10. HP: 82/88 MP: 11/13
 12355 | D:1      | Bought a ring of poison resistance for 200 gold pieces
 12589 | D:9      | Found a staircase to the Orcish Mines.
 12731 | D:9      | Reached skill level 12 in Polearms
 13214 | D:9      | Found a staircase to the Lair.
 13482 | D:10     | Entered Level 10 of the Dungeon
 13490 | D:10     | Identified the +9 rapier of Suicidal Tendencies {vorpal,
                  | Int+4 Dex+3}
 14505 | D:10     | Noticed a two-headed ogre
 14514 | D:10     | Killed a two-headed ogre
 15072 | D:10     | Found Yneivopna's Weapon Emporium.
 15239 | D:11     | Found a gate leading to a gauntlet.
 15246 | Gauntlet | Entered a Gauntlet
 15246 | Gauntlet | Found a transporter.
 15328 | Gauntlet | Found a transporter.
 15331 | Gauntlet | Found a transporter.
 15332 | Gauntlet | Found a transporter.
 15337 | Gauntlet | Noticed an eye of devastation
 15340 | Gauntlet | Found a transporter.
 15343 | Gauntlet | Found a transporter.
 15344 | Gauntlet | Found a transporter.
 15348 | Gauntlet | Found a runed translucent door.
 15349 | Gauntlet | Noticed a moth of wrath
 15352 | Gauntlet | Found a transporter.
 15355 | Gauntlet | Found a transporter.
 15356 | Gauntlet | Found a transporter.
 15358 | Gauntlet | Noticed a moth of wrath
 15360 | Gauntlet | Found a runed translucent door.
 15362 | Gauntlet | Noticed a wolf spider
 15363 | Gauntlet | Found a runed translucent door.
 15364 | Gauntlet | Found a transporter.
 15366 | Gauntlet | Found a runed translucent door.
 15367 | Gauntlet | Found a transporter.
 15368 | Gauntlet | Found a transporter.
 15379 | Gauntlet | Found a transporter.
 15547 | Gauntlet | Reached skill level 13 in Polearms
 15885 | Gauntlet | Reached XP level 11. HP: 77/97 MP: 11/14
 15949 | Gauntlet | Gained mutation: You passively map a small area around you.
                  | [potion of mutation]
 15949 | Gauntlet | Gained mutation: You are dopey. (Int -2) [potion of
                  | mutation]
 15949 | Gauntlet | Gained mutation: You possess an exceptional clarity of
                  | mind. [potion of mutation]
 15970 | Gauntlet | HP: 3/99 [moth of wrath (18)]
 15972 | Gauntlet | Succumbed to a redback's poison

Illustrated notes

Levels and vault maps discovered:
D:1:      heliophobic_arrival_dark_side_of_the_moon, layout_basic, serial_shops,
          nicolae_shop_temple_entry_statues_fountains, serial_bayou_lagoon_a,
          kennysheep_minor_cross, st_stairs_13
D:2:      layout_rooms, grunt_decor_resistance, minmay_pentomino_s2
D:3:      layout_basic, lemuel_coloured_pillars_altar,
          kiku_gazebo_garden_becter, chequers_big_river,
          hangedman_decor_clover_reticule
D:4:      layout_loops_ring, cheibriados_altar_1, serial_shops, shop_statue,
          ebering_ghost_sewer_f, portal_sewer_entry_e
D:5:      layout_gridville, gammafunk_temple_overflow_pools, temple_green
D:6:      layout_cave_pools, enter_ossuary_3,
          amcnicky_mini_rare_corridor_liquid, uniq_blork_the_orc
D:7:      layout_basic, riverfiend_overflow_shadow_ancestor, basic_altar,
          minmay_misc_feat_four_crosses
D:8:      layout_loops_corners, serial_shops, shop, special_room
          [special_room_kobold]
D:9:      layout_cave_pools, minmay_lair_entry_grove,
          minmay_orc_entry_temple_small
D:10:     lemuel_flame_loot_2, layout_cave_pools, serial_shops, shop,
          eino_small_chamber_without_monster
D:11:     layout_irregular_city, gauntlet_entry_generic,
          kennysheep_decorative_pillar
Gauntlet: gammafunk_gauntlet_77_escape_option [minmay_gauntlet_arena_77_museum,
          minmay_gauntlet_arena_77_two_paths, minmay_gauntlet_arena_77_cramped,
          minmay_gauntlet_arena_77_shame_cube,
          minmay_gauntlet_arena_77_double_cross, gauntlet_exit_spiral]

Skill      XL: |  1  2  3  4  5  6  7  8  9 10 |
---------------+-------------------------------+-----
Fighting       | 2 3 4 5 6 8 9 |  9.6
Polearms       | 3 4 5 6 7 9 11 13 | 13.2
Throwing       | |  1.7
Dodging        | |  2.6

Action                   |  1- 3 |  4- 6 |  7- 9 | 10-12 || total
-------------------------+-------+-------+-------+-------++-------
Melee: Trident           |   117 |   162 |   495 |       ||   774
       Spear             |       |       |   169 |   549 ||   718
Throw: Throwing net      |     3 |     2 |     1 |       ||     6
Evoke: Wand              |       |       |    40 |     7 ||    47
  Use: Potion            |     2 |     1 |       |    16 ||    19
       Scroll            |       |     6 |    10 |     4 ||    20
 Stab: Sleeping          |     1 |       |       |       ||     1
       Held in net/web   |       |     1 |     1 |       ||     2
       Paralysed         |       |       |       |    11 ||    11
       Invisible         |       |       |       |     5 ||     5
Armor: Leather armour    |    16 |       |       |       ||    16
       Plate armour      |    16 |    73 |   264 |       ||   353
       Pearl dragon scal |       |       |    56 |   206 ||   262
       Skin              |       |       |       |    18 ||    18
Dodge: Dodged            |    58 |    37 |   215 |   246 ||   556

Table legend: (Time is in decaauts)
 A = Elapsed time spent in this place.
 B = Non-inter-level travel time spent in this place.
 C = Inter-level travel time spent in this place.
 D = Time resting spent in this place.
 E = Time spent auto-exploring this place.
 F = Levels seen in this place.
 G = Mean time per level.
                   A        B        C        D        E       F      G
               +--------+--------+--------+--------+--------+-----+--------+
         Total |  15680 |  14840 |    840 |   4254 |   8141 |  14 | 1120.0 |
       Dungeon |  13181 |  12341 |    840 |   3306 |   7184 |  11 | 1198.3 |
         Sewer |    544 |    544 |      0 |      0 |    418 |   1 |  544.0 |
       Ossuary |   1290 |   1290 |      0 |    600 |    358 |   1 | 1290.0 |
      Gauntlet |    664 |    664 |      0 |    348 |    181 |   1 |  664.0 |
               +--------+--------+--------+--------+--------+-----+--------+

Top non-repeatable levels by time:
     D:8: 3395 daAuts
     D:9: 1484 daAuts
 Ossuary: 1290 daAuts
     D:6: 1276 daAuts
     D:7: 1175 daAuts
     D:3: 1171 daAuts
     D:4: 1038 daAuts
     D:1: 1021 daAuts
    D:10: 1020 daAuts
     D:5: 909 daAuts
Gauntlet: 664 daAuts
     D:2: 597 daAuts
   Sewer: 544 daAuts
    D:11: 90 daAuts
